 Dungeon Crawl Stone Soup version 0.27.0-1-g7a089689b8 (webtiles) character file.

Game seed: 14538444093296734472

38998 Anothat the Severer (level 13, -10/122 HPs)
             Began as a Minotaur Fighter on Aug 1, 2021.
             Was a High Priest of Hepliaklqana.
             Mangled by a swamp worm (15 damage)
             ... on level 4 of the Lair of Beasts.
             The game lasted 00:46:24 (23664 turns).

Anothat the Severer (Minotaur Fighter)             Turns: 23664, Time: 00:46:25

Health: -10/122    AC: 17    Str: 31    XL:     13   Next: 66%
Magic:  13/13      EV:  8    Int: 11    God:    Hepliaklqana [*****.]
Gold:   1105       SH:  0    Dex: 11    Spells: 12/12 levels left

rFire    + . .     SeeInvis .   N - +3 battleaxe
rCold    . . .     Faith    .   (shield currently unavailable)
rNeg     . . .     Spirit   .   v - +1 plate armour {rF+}
rPois    .         Reflect  .   (helmet restricted)
rElec    .         Harm     .   j - +0 cloak
rCorr    .         Rampage  .   (no gloves)
Will     .....                  (no boots)
Stlth    ..........             (no amulet)
HPRegen  0.30/turn              p - +6 ring of intelligence
MPRegen  0.13/turn              t - +6 ring of strength

@: very slow
A: reduced essence, horns 2, retaliatory headbutt
a: Renounce Religion, Recall Ancestor, Ancestor Identity, Transference, Idealise


You were on level 4 of the Lair of Beasts.
You worshipped Hepliaklqana.
Hepliaklqana was extremely pleased with you.
You visited 3 branches of the dungeon, and saw 19 of its levels.

You collected 1105 gold pieces.

Inventory:

Hand Weapons
 a - a +1 war axe
 N - a +3 battleaxe (weapon)
Armour
 b - a +0 scale mail
 c - a +0 kite shield
 j - a +0 cloak (worn)
 k - a +0 chain mail
 v - a +1 plate armour of fire resistance (worn)
 x - a +0 cloak
 F - a scarf of repulsion
Jewellery
 h - a ring of wizardry
 p - a +6 ring of intelligence (left hand)
 t - a +6 ring of strength (right hand)
 y - a ring of wizardry
 z - a ring of fire
 G - a ring of resist corrosion
 M - an amulet of regeneration
Wands
 m - a wand of flame (5)
 E - a wand of digging (3)
 I - a wand of polymorph (11)
Scrolls
 e - 4 scrolls of identify
 f - a scroll of vulnerability
 i - 3 scrolls of fog
 s - 2 scrolls of enchant weapon
 D - 4 scrolls of immolation
 H - a scroll of magic mapping
 J - a scroll of silence
Potions
 d - 2 potions of magic
 g - 2 potions of cancellation
 l - a potion of haste
 o - a potion of lignification
 q - a potion of heal wounds
 r - a potion of flight
 u - 3 potions of attraction
 w - 5 potions of degeneration
 A - 2 potions of mutation
 B - a potion of curing
 C - 2 potions of brilliance
 K - a potion of might


   Skills:
 + Level 18.5 Fighting
 + Level 19.7 Axes
 * Level 10.1 Armour
 - Level 3.6 Shields
 + Level 2.3 Invocations


You had 12 spell levels left.
You didn't know any spells.
Your spell library contained the following spells:

 Spells                   Type           Power      Damage    Failure   Level
 Magic Dart               Conj           0%         1d3       94%         1
 Summon Small Mammal      Summ           0%         N/A       94%         1
 Blink                    Tloc           N/A        N/A       98%         2
 Call Imp                 Summ           0%         N/A       98%         2
 Corpse Rot               Necr/Air       N/A        N/A       98%         2
 Poisonous Vapours        Pois/Air       0%         N/A       98%         2
 Slow                     Hex            0%         N/A       98%         2
 Call Canine Familiar     Summ           0%         N/A       100%        3
 Confusing Touch          Hex            0%         N/A       100%        3
 Gell's Gravitas          Tloc           0%         N/A       100%        3
 Lesser Beckoning         Tloc           0%         N/A       100%        3
 Mephitic Cloud           Conj/Pois/Air  0%         N/A       100%        3
 Summon Guardian Golem    Hex/Summ       0%         N/A       100%        3
 Teleport Other           Tloc           0%         N/A       100%        3
 Freezing Cloud           Conj/Ice/Air   0%         6-21      100%        5
 Manifold Assault         Tloc           0%         N/A       100%        5
 Yara's Violent Unravell  Hex/Tmut       0%         3d3       100%        5
 Borgnjor's Revivificati  Necr           0%         N/A       100%        8
 Necromutation            Tmut/Necr      0%         N/A       100%        8
 Death's Door             Necr           0%         N/A       100%        9


Dungeon Overview and Level Annotations

Branches:
Dungeon (13/15)            Temple (1/1) D:6            Lair (5/6) D:10
  Swamp (0/4) Lair:4        Snake (0/4) Lair:2          Orc (0/2) D:10
  Slime: Lair:5-6    Vaults: D:13-14

Altars:
Ashenzari
Cheibriados
Dithmenos
Elyvilon
Fedhas
Gozag
Hepliaklqana
Kikubaaqudgha
Makhleb
Nemelex Xobeh
Okawaru
Qazlal
Ru
Sif Muna
Trog
Uskayaw
Vehumet
Wu Jian
Xom
Yredelemnul
Zin
The Shining One

Shops:
D:3 [   D:7 *   D:10 **(   D:13 *

Portals:
Trove: D:10 (give 5 potions of resistance)

Annotations:
D:9 1 runed translucent door
D:13 Sonja
Lair:2 2 runed translucent doors, MoonlitKnight's ghost, journeyman MiBe


Innate Abilities, Weirdness & Mutations

Your life essence is reduced to manifest your ancestor. (-10% HP)
You have a pair of horns on your head.
You reflexively headbutt those who attack you in melee.


Message History

The tyrant leech draws strength from your injuries!
The tyrant leech barely misses you. You furiously retaliate!
You headbutt the tyrant leech.
Sextus casts a spell at the tyrant leech.
The tyrant leech seems to slow down.
The swamp worm bites you!
* * * LOW HITPOINT WARNING * * *
Okay, then.
Okay, then.
Okay, then.
The swamp worm fires a harpoon shot at you.
The harpoon shot hits you!
* * * LOW HITPOINT WARNING * * *
You are yanked forward by the harpoon shot.
Splash!
The swamp worm bites you!
* * * LOW HITPOINT WARNING * * *
Sextus gestures at the tyrant leech while chanting.
The tyrant leech easily resists.
The tyrant leech barely misses you. The swamp worm barely misses you.
The tyrant leech bites you.
* * * LOW HITPOINT WARNING * * *
The tyrant leech draws strength from your injuries!
It was a potion of heal wounds.
You feel much better.
The swamp worm bites you but does no damage.
The swamp worm completely misses you.
The tyrant leech bites you but does no damage.
The tyrant leech bites you!
* * * LOW HITPOINT WARNING * * *
The tyrant leech draws strength from your injuries!
The swamp worm completely misses you.
Sextus casts a spell at the tyrant leech.
The tyrant leech easily resists.
You feel much better.
The swamp worm bites you but does no damage.
The tyrant leech bites you!!
* * * LOW HITPOINT WARNING * * *
The tyrant leech draws strength from your injuries!
The swamp worm bites you!
* * * LOW HITPOINT WARNING * * *
The swamp worm bites you!
You die...

#....#..##.......###
#...................
#.###....#...#.#..##
♣## ♣♣...#.P..##.###
♣♣♣♣.#.........##
♣♣≈≈♣♣...♣...♣...##
♣♣≈§§♣♣..♣...P.♣....
♣§wwwR....P♣.♣.....^
♣§w@§≈♣.....>.....##
♣♣≈≈♣♣♣....♣.♣....#
♣♣♣♣ ♣..♣.....♣.##
#....♣...♣...##
#...........##.
##.............
#.....?.####..
....###.# ### ...#
#.# ♣


You could see the friendly Sextus the hexer, 2 tyrant leeches and 2 swamp worms.

Vanquished Creatures
  2 boulder beetles
  5 hydras
  A centaur warrior (D:13)
  A two-headed ogre (D:10)
  A death yak (Lair:5)
  Pikel (D:4)
  13 elephants
  A torpor snail (Lair:4)
  5 black mambas
  9 cane toads
  2 kobold demonologists (D:9)
  2 rime drakes (Lair:4)
  4 komodo dragons
  A polar bear (Lair:5)
  2 trolls
  3 dream sheep (Lair:4)
  10 blink frogs
  A meliai zombie (D:11)
  A wraith (D:9)
  4 wyverns
  3 basilisks
  43 yaks
  Eustachio (D:4)
  A steam dragon (D:8)
  Menkaure (D:5)
  An acid dragon (D:9)
  2 nagas (Lair:2)
  11 water moccasins
  6 orc warriors
  A sky beast (D:7)
  A necrophage (D:7)
  3 ogres
  26 wolves
  3 centaurs (D:13)
  A lemure (D:4)
  A kobold brigand (D:7)
  12 bullfrogs
  A scorpion (D:7)
  A water moccasin skeleton (D:6)
  2 killer bees (D:8)
  3 howler monkeys
  A hexer (Lair:3)
  3 centaur zombies
  2 hounds (D:6)
  A jelly (D:7)
  7 orc priests
  2 iguanas
  2 hell rats (Lair:1)
  11 orc wizards
  A hound skeleton (D:4)
  Robin (D:2)
  A howler monkey zombie (D:10)
  4 gnolls
  7 river rats (Lair:1)
  11 adders
  2 white imps
  An ufetubus (D:7)
  4 worms
  2 dart slugs
  26 orcs
  6 ball pythons
  4 bats (D:1)
  7 endoplasms
  4 giant cockroaches
  16 goblins
  7 hobgoblins
  18 jackals
  16 kobolds
  4 quokkas
  3 frilled lizards
  6 rats
  A butterfly (Lair:2)
374 creatures vanquished.

Vanquished Creatures (collateral kills)
  A hydra (Lair:4)
  A centaur zombie (D:10)
  3 cane toads
  2 blink frogs (Lair:5)
  A dream sheep (Lair:4)
  4 water moccasins
  A wolf (Lair:1)
  A killer bee (D:8)
  3 orc wizards
  2 goblins (D:8)
19 creatures vanquished.

Vanquished Creatures (others)
  13 hexers
  5 ancestors
  11 fungi
  74 plants
103 creatures vanquished.

Grand Total: 496 creatures vanquished

Notes
Turn   | Place    | Note
-------+----------+-------------------------------------------
     0 | D:1      | Anothat the Minotaur Fighter began the quest for the Orb.
     0 | D:1      | Reached XP level 1. HP: 19/19 MP: 0/0
   108 | D:1      | Reached skill level 3 in Axes
   162 | D:1      | Reached XP level 2. HP: 27/27 MP: 1/1
   169 | D:1      | Found a faded altar of an unknown god.
   580 | D:1      | Reached XP level 3. HP: 32/33 MP: 2/2
   674 | D:2      | Reached skill level 4 in Axes
   927 | D:2      | Reached XP level 4. HP: 41/41 MP: 3/3
  1365 | D:2      | Noticed Robin
  1388 | D:2      | Reached skill level 5 in Axes
  1392 | D:2      | Killed Robin
  2579 | D:3      | Found Nasiteez's Antique Armour Emporium.
  2819 | D:3      | Reached XP level 5. HP: 47/47 MP: 4/4
  2947 | D:4      | Reached skill level 5 in Fighting
  3098 | D:4      | Noticed Eustachio
  3115 | D:4      | Killed Eustachio
  3116 | D:4      | Reached skill level 6 in Axes
  3116 | D:4      | Reached XP level 6. HP: 5/56 MP: 5/5
  3593 | D:4      | Noticed Pikel
  3640 | D:4      | Killed Pikel
  3641 | D:4      | Reached skill level 8 in Axes
  3641 | D:4      | Reached XP level 7. HP: 7/64 MP: 6/6
  3643 | D:4      | HP: 2/64 [kobold/stone (2)]
  3652 | D:4      | HP: 3/64 [something/magic dart (5)]
  4050 | D:4      | Found a shadowy altar of Dithmenos.
  4202 | D:4      | Reached skill level 9 in Axes
  4371 | D:4      | Found a hide-covered altar of Uskayaw.
  4440 | D:5      | Entered Level 5 of the Dungeon
  4493 | D:5      | Reached XP level 8. HP: 59/73 MP: 7/7
  4882 | D:5      | Noticed Menkaure
  4894 | D:5      | Killed Menkaure
  4895 | D:5      | Reached skill level 10 in Axes
  5033 | D:5      | Found a glowing silver altar of Zin.
  5659 | D:6      | Found a hazy altar of Hepliaklqana.
  5720 | D:6      | Found a blossoming altar of Fedhas.
  5984 | D:6      | Reached skill level 11 in Axes
  6407 | D:6      | Found a staircase to the Ecumenical Temple.
  6411 | Temple   | Entered the Ecumenical Temple
  6499 | D:6      | Became a worshipper of Hepliaklqana the Forgotten
  6782 | D:7      | Reached skill level 10 in Fighting
  6782 | D:7      | Reached XP level 9. HP: 76/85 MP: 8/8
  6793 | D:7      | Reached skill level 12 in Axes
  7387 | D:7      | Found Janaumaysch's General Store.
  8234 | D:8      | Reached * piety under Hepliaklqana
  8271 | D:8      | Reached skill level 13 in Axes
  8279 | D:8      | Noticed a troll
  8289 | D:8      | Killed a troll
  8674 | D:8      | Found an iron altar of Okawaru.
  9027 | D:9      | Noticed a kobold demonologist
  9027 | D:9      | Noticed a kobold demonologist
  9047 | D:10     | Entered Level 10 of the Dungeon
  9050 | D:10     | Found a sparkling altar of Nemelex Xobeh.
  9050 | D:10     | You fall into a shaft and drop 3 floors!
  9052 | D:13     | Noticed a centaur warrior
  9053 | D:13     | Found Vaitiv's Assorted Antiques.
  9085 | D:13     | Noticed a cyclops
  9092 | D:13     | Noticed a centaur warrior
  9098 | D:13     | Killed a centaur warrior
  9099 | D:13     | Reached skill level 14 in Axes
  9099 | D:13     | Reached XP level 10. HP: 66/90 MP: 9/9
  9105 | D:13     | Noticed Sonja
  9423 | D:9      | Noticed an orange demon
  9512 | D:9      | Found a shimmering altar of Xom.
  9708 | D:9      | Reached skill level 15 in Axes
 10136 | D:9      | Found a radiant altar of Vehumet.
 10317 | D:9      | Found a runed translucent door.
 10393 | D:9      | Found a burning altar of Makhleb.
 10393 | D:9      | Noticed a sixfirhy
 10433 | D:10     | Reached ** piety under Hepliaklqana
 11421 | D:10     | Found Oqaovus's Weapon Shop.
 11424 | D:10     | Found a staircase to the Orcish Mines.
 11459 | D:10     | Noticed a two-headed ogre
 11482 | D:10     | Reached XP level 11. HP: 61/99 MP: 10/10
 11645 | D:10     | Killed a two-headed ogre
 11646 | D:10     | Reached skill level 15 in Fighting
 11819 | D:10     | Reached skill level 16 in Axes
 11843 | D:10     | Found a basalt altar of Yredelemnul.
 11857 | D:10     | Found a broken altar of Ashenzari.
 11914 | D:10     | Found Behuask's Lightly-Used Armoury.
 11943 | D:10     | Found a portal to a secret trove of treasure.
 11950 | D:10     | Found Pamit's Demolitions Depot.
 12060 | D:10     | Found a staircase to the Lair.
 12464 | D:10     | Found a snail-covered altar of Cheibriados.
 12860 | Lair:1   | Entered Level 1 of the Lair of Beasts
 13304 | Lair:1   | Found a bloodstained altar of Trog.
 13835 | Lair:1   | Reached *** piety under Hepliaklqana
 14153 | Lair:1   | Remembered your ancestor Sextus as a hexer
 14189 | Lair:2   | Reached skill level 17 in Axes
 14384 | Lair:2   | Found a staircase to the Snake Pit.
 15304 | Lair:2   | Noticed a boulder beetle
 15328 | Lair:2   | Killed a boulder beetle
 15641 | Lair:2   | Reached XP level 12. HP: 108/112 MP: 11/11
 15890 | Lair:2   | Reached skill level 18 in Axes
 16074 | Lair:2   | Found a large runed translucent door.
 16075 | Lair:2   | Found a large runed translucent door.
 16157 | Lair:2   | Noticed MoonlitKnight's ghost (journeyman MiBe)
 16360 | Lair:2   | Reached **** piety under Hepliaklqana
 17516 | Lair:3   | Identified the +4 long sword "Veuwash" {vamp, rElec Will-
                  | rCorr}
 17578 | Lair:3   | Noticed a seven-headed hydra
 17578 | Lair:3   | Noticed an eight-headed hydra
 17995 | Lair:3   | Killed a 15-headed hydra
 18033 | Lair:3   | Killed a ten-headed hydra
 18034 | Lair:3   | Reached skill level 19 in Axes
 18301 | Lair:4   | Noticed a five-headed hydra
 18872 | Lair:4   | Reached skill level 5 in Armour
 19168 | Lair:4   | Noticed a five-headed hydra
 19299 | Lair:4   | Noticed a four-headed hydra
 19863 | Lair:5   | Reached XP level 13. HP: 55/120 MP: 12/12
 22852 | Lair:4   | Found a blossoming altar of Fedhas.
 22867 | Lair:4   | Reached skill level 1 in Invocations
 23211 | Lair:4   | Reached skill level 10 in Armour
 23371 | Lair:4   | Reached ***** piety under Hepliaklqana
 23658 | Lair:4   | Found a staircase to the Swamp.
 23664 | Lair:4   | HP: 5/122 [swamp worm (9)]
 23664 | Lair:4   | Mangled by a swamp worm

Illustrated notes

Levels and vault maps discovered:
D:1:      minmay_arrival_cross, layout_basic,
          shapermc_ecumenical_altar_acropolis
D:2:      layout_loops_corners, chequers_arboretum, hex_large, uniq_robin
D:3:      layout_basic, serial_shops, shop, serial_bayou_lagoon_b
D:4:      layout_basic, nicolae_uskayaw_murder_on_the_dancefloor,
          mainiacjoe_overflow_24_doors, uniq_eustachio, uniq_pikel
D:5:      layout_basic, zin_statuary, minmay_manual_moon, uniq_menkaure
D:6:      layout_basic, fedhas_altar_1, old_standard_altar,
          minmay_temple_entry_steel_oval
D:7:      layout_basic, serial_shops, shop,
          nicolae_ossuary_entry_false_entrances
D:8:      layout_gridville, kennysheep_okawaru_gauntlet, serial_glass,
          glass_columns_c, glass_columns_b
D:9:      layout_roguey, mainiacjoe_overflow_alcove_4, xom_teletrap_fun,
          nzn_makhleb_speed_demon
D:10:     layout_rooms, mainiacjoe_overflow_surrounded_room,
          lemuel_zombie_altar_yredelemnul, mainiacjoe_overflow_catch_the_wave,
          david_lair_shrubbed, orc_david_3, enter_trove_1,
          nicolae_blasting_shop, fungi_pond_lemuel, minmay_shop_damaged,
          roderic_roman_lattice
D:11:     minmay_octagon_keep, layout_rooms, pdpol_wu_jian_five_deadly_venoms
D:12:     layout_long_grid, serial_shops, nicolae_shop_overgrown_old_shop,
          uniq_urug
D:13:     layout_basic, gammafunk_ghost_grave, serial_shops,
          nicolae_inconvenience_store, uniq_sonja
Temple:   dpeg_three_leaves_temple
Lair:1:   layout_regular_city, basic_altar, kennysheep_rathole
Lair:2:   layout_regular_city, minmay_snake_entry_guardpost_small,
          ebering_ghost_disaster_area, eino_small_chamber_without_monster,
          lemuel_fruit_fields, infiniplex_staircase_pool_2
Lair:3:   layout_long_grid, lemuel_fruit_tree, lemuel_fruit_fields
Lair:4:   nzn_winding_woodlands_stair_cross [nzn_winding_woodlands_5x15_twine,
          nzn_winding_woodlands_center_garden,
          nzn_winding_woodlands_5x15_split_checker,
          nzn_winding_woodlands_5x5_perimeter,
          nzn_winding_woodlands_5x5_closed_star,
          nzn_winding_woodlands_5x15_default,
          nzn_winding_woodlands_center_triple_pond,
          nzn_winding_woodlands_5x15_parted], layout_small_grid,
          minmay_swamp_entry_worms, basic_altar, grunt_forest_stairs_basic
Lair:5:   layout_cave_pods, minmay_shattered_shrine

Skill      XL: |  1  2  3  4  5  6  7  8  9 10 11 12 13 |
---------------+----------------------------------------+-----
Axes           | 3 4 5 6 8 9 11 14 15 17 19 | 19.7
Fighting       | 4 5 6 7 10 12 14 17 18 | 18.5
Armour         | 6 10 | 10.1
Invocations    | 2 |  2.3
Shields        | |  3.6

Action                   |  1- 3 |  4- 6 |  7- 9 | 10-12 | 13-15 || total
-------------------------+-------+-------+-------+-------+-------++-------
Melee: War axe           |   110 |   150 |   219 |   497 |    71 ||  1047
       Headbutt          |    14 |    19 |    47 |   141 |    42 ||   263
       Battleaxe         |       |       |       |       |    62 ||    62
Throw: Throwing net      |       |     1 |       |       |       ||     1
Invok: Ancestor Life: He |       |       |       |     1 |       ||     1
       Recall Ancestor   |       |       |       |     1 |       ||     1
Evoke: Wand              |       |       |     5 |    19 |    23 ||    47
  Use: Scroll            |       |     5 |       |    17 |     3 ||    25
       Potion            |       |     2 |     3 |     2 |     2 ||     9
 Stab: Distracted        |       |       |       |     1 |     1 ||     2
       Confused          |       |       |       |     2 |     3 ||     5
       Paralysed         |       |       |       |    10 |       ||    10
Armor: Scale mail        |    39 |       |       |       |       ||    39
       Chain mail        |    41 |    94 |    72 |       |       ||   207
       Plate armour      |       |       |    52 |   239 |    57 ||   348
Dodge: Dodged            |    50 |    50 |    78 |   157 |    51 ||   386
